 Dungeon Crawl Stone Soup version 0.17-a0-848-g7e5c6af (webtiles) character file.

109 namelastname112 the Bolt Thrower (level 4, 0/38 HPs)
             Began as a Draconian Hunter on Apr 27, 2015.
             Succumbed to a worker ant's poison
             ... on level 3 of the Dungeon.
             The game lasted 00:04:16 (1852 turns).

namelastname112 the Bolt Thrower (Draconian Hunter) Turns: 1852, Time: 00:04:16

Health: 0/38       AC:  5    Str: 19    XL:     4   Next: 60%
Magic:  4/4        EV: 12    Int: 12    God:
Gold:   148        SH:  0    Dex: 12    Spells: 0 memorised, 3 levels left

rFire  . . .     SeeInvis .     a - +0 spear
rCold  . . .     Clarity  .     (armour unavailable)
rNeg   . . .     SustAb   .     (no shield)
rPois  .         Gourm    .     (helmet restricted)
rElec  .         Spirit   .     (no cloak)
rCorr  .         Warding  .     (no gloves)
rMut   .         Stasis   .     (no boots)
MR     .....                    (no amulet)
Stlth  +.........               (no ring)
                                (no ring)

@: mighty, lethally poisoned (0 -> -19), flying, not resistant to hostile
enchantments, very unstealthy
A: unfitting armour, cold-blooded, AC +5
a: no special abilities


You were on level 3 of the Dungeon.
You were hungry.

You visited 1 branch of the dungeon, and saw 3 of its levels.

You collected 148 gold pieces.

Inventory:

Hand weapons
 a - a +0 spear (weapon)
 b - a +1 hand crossbow
Missiles
 c - 46 bolts
 s - 15 bolts of flame
Magical devices
 r - a wand of fire (4)
Scrolls
 e - 2 scrolls of enchant armour {unknown}
 f - a scroll of fog {unknown}
 g - a scroll of magic mapping {unknown}
 h - a scroll of amnesia {unknown}
 i - 5 scrolls of identify {unknown}
 j - a scroll of fear {unknown}
 k - 2 scrolls of teleportation {unknown}
 m - 3 scrolls of remove curse {unknown}
 q - a scroll of noise {unknown}
 t - a scroll of enchant weapon {unknown}
Potions
 p - a potion of restore abilities {unknown}
Comestibles
 d - 2 bread rations
 o - a chunk of flesh
 u - 2 meat rations


   Skills:
 + Level 3.0 Fighting
 + Level 1.7 Polearms
 * Level 4.3 Crossbows
 + Level 2.6 Dodging
 - Level 0.8 Stealth


You had 3 spell levels left.
You didn't know any spells.

Dungeon Overview and Level Annotations

Branches:
Dungeon (3/15)

Altars:
Makhleb
Sif Muna
Trog
Vehumet
The Shining One


Innate Abilities, Weirdness & Mutations

Your plain brown scales are hard (AC +5).
Your body does not fit into most forms of armour.
You are cold-blooded and may be slowed by cold attacks.


Message History

You feel sick. The worker ant bites you.
You hit the worker ant. You tail-slap the worker ant.
The worker ant is severely wounded.
You feel sick. The worker ant bites you.
* * * LOW HITPOINT WARNING * * *
The worker ant bites you.
* * * LOW HITPOINT WARNING * * *
Drink which item? (? for menu, Esc to quit)
It was a potion of flight.
You feel very buoyant.
You fly up into the air.
* * * LOW HITPOINT WARNING * * *
You feel sick. The worker ant bites you.
* * * LOW HITPOINT WARNING * * *
You are more poisoned.
The worker ant poisons you!
Drink which item? (? for menu, Esc to quit)
It was a potion of might.
You feel very mighty all of a sudden.
You die...

#....... ....
#.#>#.#.## #+##...
#..r.....# #......
#.#.#.#.## .#....
#........# #.#.#..
#.#.#.#.## #......
#r########.#.#.#'#
#a# #........
#@########........
#..........####...
#.####.###<.......
#.####+####.......
#.#.......#.......
#.#.⌠...⌠.#.......
#.#.......#.......
#.'...⌠...'.......
###.......#.......


You could see a worker ant and a quokka.

Vanquished Creatures
  Jessica (D:2)
  2 adders (D:3)
  A worm (D:2)
  3 giant geckos
  2 orcs (D:3)
  14 bats
  4 giant cockroaches
  5 goblins
  6 hobgoblins
  6 kobolds
  5 giant newts
  2 jackals (D:3)
  9 rats
60 creatures vanquished.

Notes
Turn   | Place    | Note
--------------------------------------------------------------
     0 | D:1      | namelastname112, the Draconian Hunter, began the quest for the Orb.
     0 | D:1      | Reached XP level 1. HP: 17/17 MP: 1/1
   130 | D:1      | Reached XP level 2. HP: 7/24 MP: 2/2
   947 | D:2      | Reached skill level 4 in Crossbows
  1033 | D:2      | Reached XP level 3. HP: 14/30 MP: 3/3
  1200 | D:2      | Noticed Jessica
  1209 | D:2      | Killed Jessica
  1209 | D:2      | Reached skill level 1 in Polearms
  1508 | D:2      | Found a deep blue altar of Sif Muna.
  1534 | D:3      | Found a bloodstained altar of Trog.
  1543 | D:3      | Reached XP level 4. HP: 30/37 MP: 4/4
  1711 | D:3      | Found a radiant altar of Vehumet.
  1711 | D:3      | Found a burning altar of Makhleb.
  1717 | D:3      | Found a glowing golden altar of the Shining One.
  1852 | D:3      | Succumbed to a worker ant's poison

Action                   |  1- 3 |  4- 6 || total
-------------------------+-------+-------++-------
Melee: Short sword       |    25 |       ||    25
       Spear             |   155 |    90 ||   245
  Use: Potion            |       |     2 ||     2
 Stab: Sleeping          |     1 |       ||     1
  Eat: Chunk             |     1 |     2 ||     3
